 Dungeon Crawl Stone Soup version 0.17.1-2-g5865329 (webtiles) character file.

266810 Peloso the Minotaur Blade (level 19, -5/179 HPs)
             Began as a Minotaur Fighter on Feb 16, 2016.
             Was the Champion of Okawaru.
             Killed from afar by a deep elf annihilator (32 damage)
             ... with a crystal spear
             ... on level 3 of the Elven Halls on Feb 17, 2016.
             The game lasted 02:38:34 (42080 turns).

Peloso the Minotaur Blade (Minotaur Fighter)       Turns: 42080, Time: 02:38:34

Health: -5/179     AC: 34    Str: 29    XL:     19   Next: 71%
Magic:  19/19      EV: 16    Int:  5    God:    Okawaru [******]
Gold:   1804       SH: 20    Dex: 26    Spells: 0 memorised, 18 levels left

rFire  + + .     SeeInvis +     c - +6 demon blade (flame)
rCold  + . .     Clarity  .     P - +0 gold dragon armour "Hieliem" {+Fly rPois rF+ rC+ rN++}
rNeg   + + .     SustAt   .     M - +1 shield {AC+3}
rPois  +         Gourm    .     U - +0 mask of the Dragon {MR+ Slay+3 SInv}
rElec  .         Spirit   .     T - +0 cloak {rF+}
rCorr  +         Warding  .     F - +4 pair of gloves "Xidicaf" {rCorr Dex+6}
rMut   .         Stasis   .     z - +2 pair of boots "Dukh" {MR++ Stlth+}
MR     ++++.                    D - amulet of faith
Stlth  ..........               w - +4 ring of strength
                                Q - +4 ring of dexterity

@: lethally poisoned (-5 -> -14), drained, incredibly resistant to hostile
enchantments, extremely unstealthy
A: retaliatory headbutt, horns 2, agile 1
a: Heroism, Finesse, Renounce Religion, Evoke Flight
}: 1/15 runes: serpentine


You were on level 3 of the Elven Halls.
You worshipped Okawaru.
Okawaru was exalted by your worship.
You were hungry.

You visited 5 branches of the dungeon, and saw 34 of its levels.
You visited 1 bazaar.
You also visited: Ice Cave, Volcano and Wizlab.

You collected 4542 gold pieces.
You spent 2738 gold pieces at shops.

Inventory:

Hand Weapons
 c - a +6 demon blade of flaming (weapon)
 p - a +6 long sword of protection
 u - a +4 vampiric double sword
Armour
 m - a +2 hat of magic resistance
 q - a +1 shield of reflection
 x - a +0 pair of boots of flying
 z - the +2 pair of boots "Dukh" (worn) {MR++ Stlth+}
   (You acquired it in a bazaar)

   It affects your resistance to hostile enchantments.
   It makes you more stealthy.
 C - a +4 plate armour of poison resistance
 F - the +4 pair of gloves "Xidicaf" (worn) {rCorr Dex+6}
   (You found it in an ice cave)

   It affects your dexterity (+6).
   It protects you from acid and corrosion.
 M - a +1 shield of protection (worn)
 P - the +0 gold dragon armour "Hieliem" (worn) {+Fly rPois rF+ rC+ rN++}
   (Okawaru gifted it to you on level 3 of the Elven Halls)

   It protects you from fire.
   It protects you from cold.
   It protects you from poison.
   It greatly protects you from negative energy.
   It lets you fly.
 T - a +0 cloak of fire resistance (worn)
 U - the +0 mask of the Dragon (worn) {MR+ Slay+3 SInv}
   (You bought it in a shop on level 11 of the Dungeon)

   It affects your accuracy and damage with ranged weapons and melee attacks
   (+3).
   It affects your resistance to hostile enchantments.
   It lets you see invisible.
Jewellery
 g - the ring of Shaolin {EV+8}
   (You took it off a deep elf sorcerer on level 3 of the Elven Halls)

   [ring of evasion]

   It affects your evasion (+8).
 w - a +4 ring of strength (right hand)
 D - an amulet of faith (around neck)
 H - an uncursed amulet of resist mutation
 Q - a +4 ring of dexterity (left hand)
Wands
 r - a wand of digging (7)
Scrolls
 a - 3 scrolls of blinking
 b - 15 scrolls of remove curse
 h - 5 scrolls of teleportation
 j - 5 scrolls of enchant armour
 o - 2 scrolls of fear
 t - 9 scrolls of identify
 y - 3 scrolls of recharging
 J - 5 scrolls of enchant weapon
 L - 5 scrolls of summoning
 O - 5 scrolls of magic mapping
Potions
 d - 2 potions of might
 f - 2 potions of haste
 k - 4 potions of agility
 n - 5 potions of cure mutation
 s - a potion of resistance
 B - 12 potions of curing
 I - 4 potions of heal wounds
 K - 4 potions of berserk rage
Books
 i - Cigotuvi's Handbook of Evil Rites and Transmutation
   (You found it in a wizard's laboratory)

   Spells                             Type                      Level
   a - Pain                           Necromancy                   1
   b - Sublimation of Blood           Necromancy                   2
   c - Stoneskin                      Transmutation/Earth          2
   d - Ignite Poison                  Fire/Transmutation/Poison    3
   e - Excruciating Wounds            Charms/Necromancy            5
   f - Irradiate                      Conjuration/Transmutation    5
   g - Cigotuvi's Embrace             Necromancy                   5
   h - Simulacrum                     Ice/Necromancy               6
 E - a book of Frost

   Spells                             Type                      Level
   a - Freeze                         Ice                          1
   b - Throw Frost                    Conjuration/Ice              2
   c - Ozocubu's Armour               Charms/Ice                   3
   d - Throw Icicle                   Conjuration/Ice              4
   e - Summon Ice Beast               Ice/Summoning                4
   f - Condensation Shield            Ice                          4
 G - a book of Minor Magic

   Spells                             Type                      Level
   a - Magic Dart                     Conjuration                  1
   b - Blink                          Translocation                2
   c - Call Imp                       Summoning                    2
   d - Repel Missiles                 Charms/Air                   2
   e - Slow                           Hexes                        2
   f - Conjure Flame                  Conjuration/Fire             3
   g - Mephitic Cloud                 Conjuration/Poison/Air       3
 N - Caxt's Papyrus of Fetching Companions
   (You found it on level 2 of the Elven Halls)

   Spells                             Type                      Level
   a - Summon Guardian Golem          Hexes/Summoning              3
   b - Recall                         Summoning/Translocation      3
   c - Summon Mana Viper              Hexes/Summoning              5
   d - Aura of Abjuration             Summoning                    5
Comestibles
 e - 21 bread rations
 l - 20 royal jellies
 v - 16 meat rations
 A - 8 fruits
 R - a chunk of flesh


   Skills:
 + Level 18.0(17.8) Fighting
 + Level 22.1(21.9) Long Blades
 + Level 15.5(15.3) Armour
 + Level 11.5(11.3) Dodging
 + Level 2.7(2.6) Stealth
 + Level 21.8(21.6) Shields
 + Level 2.3(2.1) Invocations
 + Level 1.5(1.3) Evocations


You had 18 spell levels left.
You didn't know any spells.

Dungeon Overview and Level Annotations

Branches:
Dungeon (15/15)            Temple (0/1) D:5            Lair (8/8) D:11
  Swamp (0/4) Lair:3        Snake (4/4) Lair:3        Slime (0/6) Lair:6
    Orc (4/4) D:10            Elf (3/3) Orc:4        Vaults (0/5) D:13
 Depths (0/5) D:15

Altars:
Ashenzari
Cheibriados
Elyvilon
Fedhas
Gozag
Kikubaaqudgha
Makhleb
Okawaru
Sif Muna
Trog
Vehumet
Xom
Yredelemnul
Zin
The Shining One
Beogh

Shops:
D:9 =   D:11 *   D:15 *   Orc:3 ?   Orc:4 ((*[   Elf:1 *(=![


Innate Abilities, Weirdness & Mutations

You reflexively headbutt those who attack you in melee.
You have a pair of horns on your head.
You are agile. (Dex +2)


Message History

The poison arrow hits you!
You are poisoned.
You partially resist.
* * * LOW HITPOINT WARNING * * *
You completely miss the deep elf annihilator.
The deep elf annihilator is severely wounded.
You feel sick.
The deep elf annihilator gestures wildly while chanting.
The deep elf annihilator blinks!
Unknown command.
You feel sick.
The deep elf annihilator gestures at you while chanting.
The poison arrow hits you!
You are more poisoned.
You partially resist.
* * * LOW HITPOINT WARNING * * *
You feel sick.
The deep elf annihilator casts a spell at you.
The crystal spear hits you!
You die...

............#.#............#
*,,*
..........#######..........#
**,,
.........##.....##.........#
***,
...........................#
*,,,
.............⌠.............#
*,,,
....)[............(((.((...#
*,,,
................######..)..#
*,,,
#######.....#####e........##
*,,,
*,,,,,##.####).§@.....#####
*,,,
**,,,,,###.......######,,*
*,,,
*,,,,*#.....#####,,,,,,,*
*,,,
**,,*#...####,,,,,,,,,,**
*,,, **,,##'**,,,,,,,,,,,,**
**** **,.),,,,,,,,,,,,,,**
*##,,,,,,,,,,,,,***
***,,,,,,,,,*** ***********


You could see a deep elf annihilator.

Vanquished Creatures
  A tentacled monstrosity (WizLab)
  An Ice Fiend (IceCv)
  3 deep elf blademasters
  4 deep elf master archers (Elf:3)
  Gastronok (Lair:2)
  Agnes (Snake:2)
  Kirke (Elf:1)
  An azure jelly (shapeshifter) (WizLab)
  An azure jelly (Snake:1)
  Wiglaf (Snake:3)
  7 greater nagas (Snake:4)
  The ghost of Peloso the Peltast, a journeyman MiFi of Okawaru (Orc:4)
  Donald (Orc:3)
  7 deep elf sorcerers
  3 very ugly things (WizLab)
  4 deep elf demonologists
  7 deep elf annihilators (Elf:3)
  A dire elephant (shapeshifter) (D:15)
  An ettin (shapeshifter) (WizLab)
  8 deep elf death magi
  8 vault guards (D:13)
  6 deep elf high priests
  2 fire dragons
  An ice dragon (D:15)
  Harold (Orc:3)
  5 hydras
  11 anacondas
  16 naga warriors
  3 catoblepae (Lair:8)
  3 centaur warriors
  16 dancing weapons (Elf:2)
  21 death yaks
  A queen ant (Lair:4)
  11 naga sharpshooters
  Urug (Lair:1)
  An iron golem (WizLab)
  9 shock serpents
  A fire crab (shapeshifter) (WizLab)
  2 salamander mystics
  4 skeletal warriors (D:13)
  A sea snake (shapeshifter) (WizLab)
  20 deep elf knights
  2 unseen horrors (shapeshifter)
  5 ice devils (IceCv)
  19 deep elf summoners
  A death drake (shapeshifter) (WizLab)
  5 hill giants
  3 unseen horrors
  A wizard (D:15)
  Pikel (D:6)
  12 mana vipers
  11 naga ritualists
  A wolf spider zombie (D:13)
  An orb spider (shapeshifter) (WizLab)
  2 orc knights
  3 manticores
  A harpy (shapeshifter) (WizLab)
  2 salamanders (shapeshifter) (WizLab)
  8 deep elf conjurers
  2 griffons
  A shining eye (shapeshifter) (WizLab)
  9 orc sorcerers (Orc:4)
  5 salamanders
  A moth of wrath (shapeshifter) (WizLab)
  17 naga magi
  A water nymph (shapeshifter) (WizLab)
  22 ugly things
  17 elephants
  An octopode (shapeshifter) (WizLab)
  4 cyclopes
  11 guardian serpents
  Maurice (D:9)
  42 black mambas
  Joseph (D:7)
  A guardian serpent (shapeshifter) (WizLab)
  An ice statue (IceCv)
  2 molten gargoyles (Volcano)
  A gargoyle (D:15)
  4 orange demons (D:15)
  A torpor snail (shapeshifter) (WizLab)
  12 spiny frogs
  A spiny frog (shapeshifter) (WizLab)
  3 komodo dragons
  3 anaconda simulacra (IceCv)
  3 komodo dragons (shapeshifter) (WizLab)
  3 kobold demonologists
  2 elves (WizLab)
  6 fire drakes
  3 blue devils (IceCv)
  2 freezing wraiths
  A golden dragon simulacrum (IceCv)
  2 two-headed ogres
  A two-headed ogre (shapeshifter) (WizLab)
  A queen bee (Lair:4)
  2 trolls
  8 deep elf priests
  3 trolls (shapeshifter) (WizLab)
  A queen bee (shapeshifter) (WizLab)
  A polar bear (Lair:7)
  A blink frog (shapeshifter) (WizLab)
  6 slime creatures (D:15)
  8 blink frogs
  A shadow (D:15)
  A trapdoor spider (D:15)
  26 deep elf magi
  3 wraiths
  A yak (shapeshifter) (WizLab)
  48 yaks
  3 dire elephant simulacra (IceCv)
  3 wyverns
  23 deep elf fighters
  A basilisk (shapeshifter) (WizLab)
  5 basilisks
  10 hippogriffs
  3 humans (WizLab)
  Grum (D:9)
  A hog (Elf:1)
  3 iron troll simulacra (IceCv)
  2 mottled dragons
  2 fire bats (Volcano)
  4 hydra simulacra (IceCv)
  6 wolves
  51 nagas
  4 harpy simulacra (IceCv)
  9 wargs
  6 ice beasts
  11 porcupines
  6 soldier ants
  12 water moccasins
  A soldier ant (shapeshifter) (WizLab)
  An alligator simulacrum (IceCv)
  A hell hound (Volcano)
  23 orc warriors
  7 black bears
  3 wasps
  An ettin simulacrum (IceCv)
  4 necrophages (D:8)
  7 large abominations (WizLab)
  14 ogres
  5 sky beasts
  9 crocodiles
  16 centaurs
  5 big kobolds
  An elf zombie (D:8)
  19 giant frogs
  A gnoll sergeant (D:6)
  10 scorpions
  A water moccasin skeleton (D:8)
  2 spriggan skeletons (D:11)
  43 killer bees
  5 wights
  5 electric eels
  3 centaur zombies
  10 small abominations
  A troll skeleton (D:11)
  8 crimson imps
  An elephant simulacrum (IceCv)
  3 lava snakes (Volcano)
  A giant frog zombie (D:10)
  3 human zombies (D:8)
  9 centaur skeletons
  5 jellies
  9 iguanas
  38 orc wizards
  11 hounds
  A wolf simulacrum (IceCv)
  A giant frog skeleton (D:9)
  23 orc priests
  40 worker ants
  A human skeleton (D:8)
  2 spriggan simulacra (IceCv)
  12 sheep
  5 troll simulacra (IceCv)
  10 hell rats (Lair:7)
  2 centaur simulacra (IceCv)
  4 hound skeletons
  2 mummies (D:8)
  A worker ant zombie (D:5)
  17 adders
  75 river rats
  9 gnolls
  2 naga simulacra (IceCv)
  5 shadow imps
  An ogre simulacrum (IceCv)
  7 white imps (IceCv)
  3 giant eyeballs (WizLab)
  3 oozes
  7 ufetubi (IceCv)
  An adder zombie (D:8)
  An adder skeleton (D:9)
  9 giant geckos
  183 orcs
  2 ball pythons
  5 bats
  4 giant cockroaches
  13 goblins
  9 hobgoblins
  28 kobolds
  3 quokkas
  A giant gecko zombie (D:5)
  9 giant newts
  15 jackals
  A quokka zombie (D:7)
  20 rats
  2 crawling corpses (Elf:3)
  A fungus (Lair:8)
1567 creatures vanquished.

Vanquished Creatures (others)
  A salamander (Snake:1)
  A naga (Snake:4)
  A crimson imp (D:6)
  An orc wizard (Orc:4)
  A giant eyeball (WizLab)
  3 orcs
  8 fungi
  3 plants
19 creatures vanquished.

Grand Total: 1586 creatures vanquished

Notes
Turn   | Place    | Note
--------------------------------------------------------------
     0 | D:1      | Peloso the Minotaur Fighter began the quest for the Orb.
     0 | D:1      | Reached XP level 1. HP: 19/19 MP: 0/0
    92 | D:1      | Reached XP level 2. HP: 24/27 MP: 1/1
   149 | D:1      | Reached skill level 4 in Shields
   716 | D:2      | Reached XP level 3. HP: 25/33 MP: 2/2
   840 | D:2      | Reached skill level 1 in Dodging
  1117 | D:2      | Reached XP level 4. HP: 40/40 MP: 3/3
  1174 | D:2      | Found a deep blue altar of Sif Muna.
  1232 | D:2      | Found a glowing golden altar of the Shining One.
  1494 | D:2      | Found a shattered altar of Ashenzari.
  1494 | D:2      | Found a white marble altar of Elyvilon.
  2124 | D:3      | Reached skill level 5 in Armour
  2124 | D:3      | Reached skill level 5 in Shields
  2124 | D:3      | Reached XP level 5. HP: 20/46 MP: 4/4
  2369 | D:3      | Found a radiant altar of Vehumet.
  2370 | D:3      | Found an iron altar of Okawaru.
  2371 | D:3      | Found a burning altar of Makhleb.
  2373 | D:3      | Became a worshipper of Warmaster Okawaru
  2376 | D:3      | Found a blossoming altar of Fedhas.
  2664 | D:4      | Reached XP level 6. HP: 48/52 MP: 5/5
  2721 | D:4      | Noticed an ogre
  2726 | D:4      | Killed an ogre
  2726 | D:4      | Reached * piety under Okawaru
  2726 | D:4      | Reached skill level 6 in Shields
  2968 | D:5      | Entered Level 5 of the Dungeon
  2968 | D:5      | Found an ancient bone altar of Kikubaaqudgha.
  3091 | D:5      | Found a snail-covered altar of Cheibriados.
  3108 | D:5      | Reached XP level 7. HP: 35/60 MP: 6/6
  3521 | D:5      | Reached ** piety under Okawaru
  3521 | D:5      | Reached skill level 7 in Shields
  3627 | D:5      | Found an opulent altar of Gozag.
  3627 | D:5      | Found a glowing silver altar of Zin.
  3747 | D:5      | Reached skill level 5 in Fighting
  3749 | D:5      | Found a staircase to the Ecumenical Temple.
  3851 | D:6      | Reached skill level 5 in Long Blades
  3911 | D:6      | Reached XP level 8. HP: 41/68 MP: 7/7
  4059 | D:6      | Reached skill level 8 in Shields
  4079 | D:6      | Reached *** piety under Okawaru
  4086 | D:6      | Noticed Pikel
  4111 | D:6      | Killed Pikel
  4190 | D:6      | Got a transparent mace
  4191 | D:6      | Identified the cursed +3 mace "Untu" {elec, Int+2} (You found it on level 6 of the Dungeon)
  4264 | D:6      | Reached skill level 9 in Shields
  4407 | D:6      | Reached **** piety under Okawaru
  4407 | D:6      | Reached XP level 9. HP: 72/75 MP: 8/8
  4818 | D:7      | Noticed Joseph
  4837 | D:7      | Killed Joseph
  4962 | D:7      | Reached ***** piety under Okawaru
  5022 | D:7      | Found an opulent altar of Gozag.
  5658 | D:8      | Reached skill level 10 in Shields
  5675 | D:8      | Reached skill level 5 in Dodging
  5822 | D:8      | Reached skill level 1 in Stealth
  6152 | D:8      | Reached XP level 10. HP: 88/88 MP: 9/9
  6321 | D:8      | Killed an unseen horror
  6504 | D:8      | Identified Roineude's Easy Thaumaturgy
  6630 | D:8      | Reached ****** piety under Okawaru
  6640 | D:8      | Found an ancient bone altar of Kikubaaqudgha.
  6842 | D:8      | Received a gift from Okawaru
  7004 | D:9      | Found a bloodstained altar of Trog.
  7017 | D:9      | Found Bomnuc's Jewellery Boutique.
  7138 | D:9      | Noticed Grum
  7148 | D:9      | Killed Grum
  7160 | D:9      | Reached skill level 11 in Shields
  7171 | D:9      | Reached skill level 10 in Long Blades
  7202 | D:9      | Noticed a hill giant
  7216 | D:9      | Killed a hill giant
  7373 | D:9      | Noticed Maurice
  7590 | D:9      | Killed Maurice
  7633 | D:9      | Reached XP level 11. HP: 42/95 MP: 10/10
  8020 | D:10     | Entered Level 10 of the Dungeon
  8023 | D:10     | Found a staircase to the Orcish Mines.
  8236 | D:10     | Received a gift from Okawaru
  8506 | D:10     | Reached skill level 12 in Shields
  9207 | D:11     | Noticed a hill giant
  9220 | D:11     | Killed a hill giant
  9669 | D:11     | Found a staircase to the Lair.
  9830 | D:11     | Noticed a hill giant
  9845 | D:11     | Killed a hill giant
 10061 | D:11     | Found Ucliexyr's General Store.
 10067 | D:11     | Bought the +0 mask of the Dragon {MR+ Slay+3 SInv} for 501 gold pieces
 10126 | D:11     | Received a gift from Okawaru
 10211 | D:11     | Noticed an unseen horror
 10237 | D:11     | Killed an unseen horror
 10339 | D:12     | Reached skill level 10 in Fighting
 10345 | D:12     | Reached skill level 10 in Armour
 10351 | D:12     | Reached XP level 12. HP: 94/106 MP: 11/11
 10418 | D:12     | Reached skill level 13 in Shields
 10758 | D:12     | Noticed a hill giant
 10772 | D:12     | Killed a hill giant
 11522 | D:13     | Noticed a vault guard
 11522 | D:13     | Noticed a vault guard
 11522 | D:13     | Noticed a vault guard
 11523 | D:13     | Noticed a vault guard
 11523 | D:13     | Found a gate to the Vaults.
 11523 | D:13     | Noticed a vault guard
 11523 | D:13     | Noticed a vault guard
 11523 | D:13     | Noticed a vault guard
 11524 | D:13     | Noticed a vault guard
 11534 | D:13     | Killed a vault guard
 11542 | D:13     | Killed a vault guard
 11555 | D:13     | Killed a vault guard
 11555 | D:13     | Received a gift from Okawaru
 11569 | D:13     | Killed a vault guard
 11569 | D:13     | Reached skill level 14 in Shields
 11579 | D:13     | Killed a vault guard
 11600 | D:13     | Killed a vault guard
 11600 | D:13     | Reached skill level 1 in Invocations
 11616 | D:13     | Killed a vault guard
 11652 | D:13     | Killed a vault guard
 11683 | D:13     | Reached XP level 13. HP: 41/116 MP: 9/13
 12800 | D:13     | Received a gift from Okawaru
 13353 | D:14     | Found a basalt altar of Yredelemnul.
 13747 | D:15     | Entered Level 15 of the Dungeon
 13812 | D:15     | Received a gift from Okawaru
 13859 | D:15     | Reached skill level 15 in Shields
 14270 | D:15     | Noticed a dire elephant
 14270 | D:15     | a catoblepas changed into a dire elephant
 14295 | D:15     | Killed a dire elephant
 14567 | D:15     | Found a staircase to the Depths.
 15219 | D:15     | Found Awidgh's Assorted Antiques.
 15363 | D:15     | Received a gift from Okawaru
 15415 | D:15     | Reached XP level 14. HP: 73/127 MP: 14/14
 15837 | D:15     | Reached skill level 15 in Long Blades
 16030 | Lair:1   | Entered Level 1 of the Lair of Beasts
 16480 | Lair:1   | Noticed Urug
 16495 | Lair:1   | Killed Urug
 16692 | Lair:2   | Noticed Gastronok
 16708 | Lair:2   | Killed Gastronok
 17139 | Lair:2   | Reached skill level 16 in Shields
 17870 | Lair:3   | Found a staircase to the Snake Pit.
 18078 | Lair:3   | Found a staircase to the Swamp.
 18340 | Lair:4   | Received a gift from Okawaru
 18539 | Lair:4   | Found a dark tunnel.
 18608 | Volcano  | Entered a volcano
 19166 | Volcano  | Found a bloodstained altar of Trog.
 19811 | Lair:4   | Received a gift from Okawaru
 19857 | Lair:4   | Identified a scroll of acquirement
 20748 | Lair:5   | Reached skill level 17 in Shields
 21807 | Lair:6   | Received a gift from Okawaru
 21949 | Lair:6   | Reached XP level 15. HP: 132/136 MP: 15/15
 22275 | Lair:6   | Found a staircase to the Slime Pits.
 23372 | Lair:8   | Entered Level 8 of the Lair of Beasts
 23618 | Lair:8   | Received a gift from Okawaru
 24452 | Lair:8   | Reached skill level 18 in Shields
 24872 | Orc:1    | Entered Level 1 of the Orcish Mines
 25263 | Orc:2    | Found a roughly hewn altar of Beogh.
 25434 | Orc:3    | Noticed Donald
 25451 | Orc:3    | Killed Donald
 25451 | Orc:3    | Received a gift from Okawaru
 25633 | Orc:3    | Found Hiahilos's Magic Scroll Boutique.
 25774 | Orc:3    | Noticed Harold
 25784 | Orc:3    | Killed Harold
 26061 | Orc:4    | Entered Level 4 of the Orcish Mines
 26119 | Orc:4    | Found a staircase to the Elven Halls.
 26211 | Orc:4    | Found Zieceety's Assorted Antiques.
 26246 | Orc:4    | Paralysed by an orc sorcerer for 4 turns
 26276 | Orc:4    | Found Naadiem's Antique Armour Shop.
 26317 | Orc:4    | Bought a faintly glowing plate armour for 644 gold pieces
 26327 | Orc:4    | Identified the +6 plate armour "Gykhlewu" {*Contam +Blink rCorr} (You bought it in a shop on level 4 of the Orcish Mines)
 26371 | Orc:4    | Found a roughly hewn altar of Beogh.
 26637 | Orc:4    | Noticed Peloso's ghost (journeyman MiFi)
 26661 | Orc:4    | Killed Peloso's ghost
 26661 | Orc:4    | Reached XP level 16. HP: 142/147 MP: 14/16
 26747 | Orc:4    | Found Seijod's Weapon Emporium.
 26747 | Orc:4    | Found Pucyhy's Weapon Shop.
 27383 | Orc:3    | Bought a scroll of acquirement for 780 gold pieces
 27389 | Orc:3    | Got a smelly plate armour
 27400 | Orc:3    | Identified the +1 plate armour of Divine Compulsion {+Blink Str+3 Int-2} (You acquired it on level 3 of the Orcish Mines)
 27629 | Orc:2    | Received a gift from Okawaru
 28125 | Snake:1  | Entered Level 1 of the Snake Pit
 28224 | Snake:1  | Found a frozen archway.
 28230 | IceCv    | Entered an ice cave
 29023 | IceCv    | Received a gift from Okawaru
 29040 | IceCv    | Got a dazzling battleaxe {god gift}
 29441 | IceCv    | Noticed an Ice Fiend
 29452 | IceCv    | Killed an Ice Fiend
 29452 | IceCv    | Reached skill level 15 in Fighting
 29796 | IceCv    | Got a pair of warped gloves
 29807 | IceCv    | Identified the +4 pair of gloves "Xidicaf" {rCorr Dex+6} (You found it in an ice cave)
 30119 | Snake:1  | Identified the +10 battleaxe "Gulaj" {freeze, Int+4 SInv} (Okawaru gifted it to you in an ice cave)
 30621 | Snake:1  | Received a gift from Okawaru
 30641 | Snake:1  | Gained mutation: You are weak. (Str -2) [mutagenic glow]
 31353 | Snake:2  | Found a flickering gateway to a bazaar.
 31391 | Bazaar   | Entered a bazaar
 31391 | Bazaar   | Found Tepyb's Food Emporium.
 31708 | Bazaar   | Found Qitauff's Magic Scroll Shop.
 31721 | Bazaar   | Found Ysiotyod's Book Boutique.
 31728 | Bazaar   | Found Pitydum's Food Shoppe.
 31779 | Bazaar   | Bought a scroll of identify for 16 gold pieces
 31779 | Bazaar   | Bought a scroll of identify for 16 gold pieces
 31779 | Bazaar   | Bought a scroll of enchant weapon for 60 gold pieces
 31779 | Bazaar   | Bought a scroll of magic mapping for 28 gold pieces
 31779 | Bazaar   | Bought a scroll of acquirement for 416 gold pieces
 31779 | Bazaar   | Bought a scroll of teleportation for 24 gold pieces
 31779 | Bazaar   | Bought a scroll of identify for 16 gold pieces
 31779 | Bazaar   | Bought a scroll of identify for 16 gold pieces
 31779 | Bazaar   | Bought a scroll of identify for 16 gold pieces
 31779 | Bazaar   | Bought a scroll of enchant armour for 60 gold pieces
 31783 | Bazaar   | Got a pair of jewelled boots
 31794 | Bazaar   | Identified the +2 pair of boots "Dukh" {MR++ Stlth+} (You acquired it in a bazaar)
 31958 | Snake:2  | Got a pair of translucent gloves
 32117 | Snake:2  | Reached skill level 19 in Shields
 32434 | Snake:2  | Received a gift from Okawaru
 32459 | Snake:2  | Identified the +0 pair of gloves of Ucutwog {MP+9} (You found it on level 2 of the Snake Pit)
 32568 | Snake:2  | Noticed Agnes
 32578 | Snake:2  | Killed Agnes
 32807 | Snake:3  | Noticed Wiglaf
 32821 | Snake:3  | Killed Wiglaf
 33371 | Snake:3  | Reached XP level 17. HP: 156/156 MP: 17/17
 33676 | Snake:4  | Entered Level 4 of the Snake Pit
 33698 | Snake:4  | Found a shimmering altar of Xom.
 34181 | Snake:4  | Received a gift from Okawaru
 34741 | Snake:4  | Received a gift from Okawaru
 35243 | Snake:4  | Reached skill level 20 in Shields
 35645 | Snake:4  | Received a gift from Okawaru
 36072 | Snake:4  | Got a serpentine rune of Zot
 36130 | Snake:4  | Reached skill level 15 in Armour
 36148 | Snake:4  | Reached skill level 10 in Dodging
 36815 | Elf:1    | Entered Level 1 of the Elven Halls
 36832 | Elf:1    | Reached XP level 18. HP: 150/168 MP: 18/18
 36875 | Elf:1    | Received a gift from Okawaru
 36887 | Elf:1    | Found Hyif Ebbofud's Assorted Antiques.
 36914 | Elf:1    | Found Pavivvup's Distillery.
 36928 | Elf:1    | Found a deep blue altar of Sif Muna.
 36950 | Elf:1    | Found Kynoquw's Armour Emporium.
 36969 | Elf:1    | Found Unyfuace's Weapon Emporium.
 36971 | Elf:1    | Found Ocarie Tidu's Jewellery Boutique.
 37046 | Elf:1    | Found a magical portal.
 37055 | WizLab   | Entered Cigotuvi's Fleshworks
 37118 | WizLab   | Gained mutation: Scrolls take you a little longer to read. [mutagenic glow]
 37162 | WizLab   | Gained mutation: Your spells are a little easier to cast, but a little less powerful. [mutagenic glow]
 37194 | WizLab   | Gained mutation: You are occasionally teleported next to monsters. [mutagenic glow]
 37273 | WizLab   | Gained mutation: Armour fits poorly on your strangely shaped body. [a shining eye]
 37372 | WizLab   | Received a gift from Okawaru
 37438 | WizLab   | Identified Cigotuvi's Handbook of Evil Rites and Transmutation
 37707 | WizLab   | Paralysed by a giant eyeball for 2 turns
 38100 | WizLab   | Paralysed by a giant eyeball for 4 turns
 38110 | WizLab   | Paralysed by a giant eyeball for 3 turns
 38124 | WizLab   | Paralysed by a giant eyeball for 2 turns
 38129 | WizLab   | Paralysed by a giant eyeball for 2 turns
 38379 | WizLab   | Reached skill level 21 in Long Blades
 38505 | Elf:1    | Lost mutation: You are weak. (Str -2) [potion of cure mutation]
 38505 | Elf:1    | Lost mutation: Scrolls take you a little longer to read. [potion of cure mutation]
 38505 | Elf:1    | Lost mutation: Your spells are a little easier to cast, but a little less powerful. [potion of cure mutation]
 38505 | Elf:1    | Lost mutation: Armour fits poorly on your strangely shaped body. [potion of cure mutation]
 38506 | Elf:1    | Gained mutation: Your system is resistant to poisons. [potion of beneficial mutation]
 38507 | Elf:1    | Gained mutation: You have a pair of large horns on your head. [potion of beneficial mutation]
 38509 | Elf:1    | Lost mutation: You are occasionally teleported next to monsters. [potion of cure mutation]
 38509 | Elf:1    | Lost mutation: You have a pair of large horns on your head. [potion of cure mutation]
 38509 | Elf:1    | Lost mutation: Your system is resistant to poisons. [potion of cure mutation]
 38515 | Elf:1    | Gained mutation: You are agile. (Dex +2) [potion of beneficial mutation]
 38602 | Elf:1    | Bought a potion of heal wounds for 145 gold pieces
 38632 | Elf:1    | Noticed Kirke
 38643 | Elf:1    | Killed Kirke
 38706 | Elf:1    | Reached skill level 1 in Evocations
 39507 | Elf:2    | Received a gift from Okawaru
 39733 | Elf:2    | Identified Caxt's Papyrus of Fetching Companions
 39894 | Elf:2    | Noticed a Brimstone Fiend
 40122 | Elf:2    | Found a runed gate.
 40122 | Elf:2    | Found a runed gate.
 40123 | Elf:2    | Found a runed gate.
 40296 | Elf:2    | Reached XP level 19. HP: 177/177 MP: 19/19
 40702 | Elf:3    | Entered Level 3 of the Elven Halls
 40841 | Elf:3    | Received a gift from Okawaru
 40852 | Elf:3    | Got a distressingly furry gold dragon armour {god gift}
 41303 | Elf:3    | Identified the +0 gold dragon armour "Hieliem" {+Fly rPois rF+ rC+ rN++} (Okawaru gifted it to you on level 3 of the Elven Halls)
 41406 | Elf:3    | Received a gift from Okawaru
 41419 | Elf:3    | Reached skill level 22 in Long Blades
 41923 | Elf:3    | Received a gift from Okawaru
 42080 | Elf:3    | Killed from afar by a deep elf annihilator

Action                   |  1- 3 |  4- 6 |  7- 9 | 10-12 | 13-15 | 16-18 | 19-21 || total
-------------------------+-------+-------+-------+-------+-------+-------+-------++-------
Melee: Long sword        |   110 |   198 |   381 |  1150 |   944 |       |       ||  2783
       Demon blade       |       |       |       |       |   921 |  1533 |   267 ||  2721
       Whip              |       |       |       |       |     5 |       |       ||     5
Invok: Heroism           |       |       |       |     9 |    10 |     2 |     1 ||    22
       Finesse           |       |       |       |     1 |       |       |       ||     1
Evoke: Wand              |       |       |       |       |       |    12 |       ||    12
  Use: Scroll            |       |     9 |     9 |     5 |    21 |    18 |     1 ||    63
       Potion            |       |       |     2 |     2 |     2 |     6 |       ||    12
 Stab: Petrifying        |       |       |       |       |     1 |       |       ||     1
       Petrified         |       |       |       |       |     1 |       |       ||     1
       Sleeping          |       |       |       |       |       |     1 |       ||     1
  Eat: Chunk             |     1 |     7 |    10 |    18 |    41 |    24 |     2 ||   103
       Fruit             |       |       |       |     2 |     1 |     8 |     4 ||    15
       Beef jerky        |       |       |       |       |     5 |     2 |       ||     7
       Pizza             |       |       |       |       |       |     7 |       ||     7
